 Dungeon Crawl Stone Soup version 0.25-a0-578-gc91f01c39c (webtiles) character file.

Game seed: 17879783052691511620, levelgen mode: deterministic

8240 Flugslaktarn the Blocker (level 11, -2/99 HPs)
             Began as a Minotaur Fighter on Mar 3, 2020.
             Was a Priest of Makhleb.
             Slain by a meliai
             ... wielding a +0 hand axe
              (8 damage)
             ... on level 10 of the Dungeon.
             The game lasted 00:05:30 (9804 turns).

Flugslaktarn the Blocker (Minotaur Fighter)         Turns: 9804, Time: 00:05:31

Health: -2/99      AC: 19    Str: 25    XL:     11   Next: 7%
Magic:  14/14      EV:  7    Int:  5    God:    Makhleb [***...]
Gold:   262        SH: 18    Dex:  9    Spells: 10/10 levels left

rFire    + . .     SeeInvis .   a - +1 war axe
rCold    . . .     Gourm    .   H - +0 tower shield
rNeg     . . .     Faith    .   A - +0 storm dragon scales
rPois    .         Spirit   .   (helmet restricted)
rElec    +         Reflect  .   n - +2 cloak
rCorr    +         Harm     .   (no gloves)
MR       .....                  F - +0 pair of boots
Stlth    ..........             I - amulet of regeneration
HPRegen  0.66/turn              k - ring of resist corrosion
MPRegen  0.14/turn              f - ring of protection from fire

@: lethally poisoned (-2 -> -2), slowed, very slow
A: retaliatory headbutt, hooves 1, horns 2, repulsion field 1
a: Minor Destruction, Lesser Servant of Makhleb, Renounce Religion


You were on level 10 of the Dungeon.
You worshipped Makhleb.
Makhleb was most pleased with you.
You were very hungry.

You visited 2 branches of the dungeon, and saw 11 of its levels.

You collected 503 gold pieces.
You spent 241 gold pieces at shops.

Inventory:

Hand Weapons
 a - a +1 war axe (weapon)
 w - a +1 whip of distortion
   (You took it off an orc on level 7 of the Dungeon)
Armour
 b - a +0 scale mail
 c - a +0 kite shield
 i - a +0 chain mail
   (You took it off Terence on level 2 of the Dungeon)
 m - a +0 plate armour
   (You found it on level 5 of the Dungeon)
 n - a +2 cloak (worn)
   (You found it on level 7 of the Dungeon)
 A - +0 storm dragon scales (worn)
   (You found it on level 7 of the Dungeon)
 F - a +0 pair of boots (worn)
   (You found it on level 6 of the Dungeon)
 H - a +0 tower shield (worn)
   (You found it on level 9 of the Dungeon)
Jewellery
 f - a ring of protection from fire (right hand)
   (You found it on level 7 of the Dungeon)
 j - an uncursed ring of flight
   (You found it on level 6 of the Dungeon)
 k - a ring of resist corrosion (left hand)
   (You found it on level 1 of the Dungeon)
 y - an uncursed ring of ice
   (You found it on level 6 of the Dungeon)
 I - an amulet of regeneration (around neck)
   (You found it on level 10 of the Dungeon)
Wands
 r - a wand of paralysis (9)
   (You found it on level 6 of the Dungeon)
 v - a wand of digging (6)
   (You found it on level 7 of the Dungeon)
 B - a wand of iceblast (6)
   (You found it on level 9 of the Dungeon)
 E - a wand of acid (12)
   (You found it on level 9 of the Dungeon)
Scrolls
 l - 3 scrolls of enchant weapon
 s - a scroll of immolation {unknown}
 t - 3 scrolls of teleportation
 u - 5 scrolls of identify {unknown}
 x - 2 scrolls of remove curse
 z - 2 scrolls of blinking
 C - 2 scrolls of amnesia {unknown}
 D - a scroll of holy word {unknown}
Potions
 d - 3 potions of might
 g - 5 potions of mutation
 h - a potion of haste
 o - 3 potions of flight
 p - 4 potions of heal wounds
 q - 2 potions of curing
 J - 4 potions of degeneration {unknown}
Comestibles
 e - 13 rations
 G - 5 chunks of flesh


   Skills:
 + Level 10.1 Fighting
 + Level 9.8 Axes
 + Level 10.1 Armour
 + Level 10.2 Shields
 + Level 6.5 Invocations


You had 10 spell levels left.
You didn't know any spells.
Your spell library was empty.

Dungeon Overview and Level Annotations

Branches:
Dungeon (10/15)            Temple (1/1) D:5            Lair (0/6) D:9
    Orc: D:9-12

Altars:
Ashenzari
Cheibriados
Dithmenos
Elyvilon
Fedhas
Gozag
Hepliaklqana
Kikubaaqudgha
Makhleb
Nemelex Xobeh
Okawaru
Ru
Trog
Uskayaw
Vehumet
Wu Jian
Xom
Yredelemnul
Zin
The Shining One

Shops:
D:4 *   D:6 [[*?!   D:10 !

Annotations:
D:6 1 runed translucent door, Crazy Yiuf
D:10 3 runed translucent doors


Innate Abilities, Weirdness & Mutations

You reflexively headbutt those who attack you in melee.
You have a pair of horns on your head.
You have large cloven feet.
You are surrounded by a mild repulsion field. (EV +2)


Message History

The meliai hits you with a +0 hand axe.
* * * LOW HITPOINT WARNING * * *
The meliai stings you but does no damage.
You are too injured to fight recklessly!
You are too injured to fight recklessly!
You are too injured to fight recklessly!
You are too injured to fight recklessly!
You are too injured to fight recklessly!
You are too injured to fight recklessly!
You are too injured to fight recklessly!
You are too injured to fight recklessly!
You are too injured to fight recklessly!
You are too injured to fight recklessly!
You are too injured to fight recklessly!
The centaur wields a +0 shortbow.
The centaur shoots an arrow.
You block the arrow. The meliai barely misses you. You furiously retaliate!
You headbutt the meliai! You block the meliai's attack.
You feel sick.
You block the meliai's attack. x2; The centaur shoots an arrow.
You block the arrow. The meliai hits you with a +0 hand axe!
You die...

.>.............<÷÷....####### #.
..#.####.....#...#..........####.
..#.# ######...##.##............
....# #####....# ..).###'.#####.
..### #.......##...###..#..# #.
..# ###..........###....#..####.
#.# #......#...###...##.#....#..
#.####........###...#.##.#.......
............##Wy@.#......#.#...#.
..........###).N#...#.##.#.......
........###..cJ#.##...##.#.......
......###.....†#+####....#.......
....###....#...#RsWa###..#...####
....# ... ##..#yTaZ+....'...###.
....# .. #..#oZ..######.......
....# ...#+#######......##. ....#
....#.#####......####.


You could see a salamander shaped shifter, a wraith, a meliai, a centaur and a
jelly.

Vanquished Creatures
  A death yak (D:9)
  An efreet (D:10)
  3 hippogriffs
  A meliai zombie (D:10)
  Sigmund (D:5)
  9 yaks (D:10)
  A wyvern (D:9)
  A wraith (D:6)
  A basilisk (D:9)
  2 hungry ghosts
  Menkaure (D:5)
  Edmund (D:5)
  2 water moccasins
  3 orc warriors
  2 sky beasts
  A phantom (D:7)
  2 black bears
  2 ice beasts
  3 centaurs
  4 ogres
  A crocodile (D:9)
  5 bullfrogs
  A big kobold (D:10)
  A gnoll sergeant (D:9)
  6 scorpions
  2 howler monkeys
  2 electric eels (D:6)
  7 crimson imps
  8 orc priests
  3 bullfrog zombies
  4 hounds
  2 jellies
  9 orc wizards
  2 bullfrog skeletons
  Terence (D:2)
  An iguana (D:6)
  7 worker ants
  A killer bee zombie (D:7)
  A worker ant zombie (D:8)
  2 howler monkey skeletons
  6 adders
  11 gnolls
  A shadow imp (D:7)
  An ooze (D:1)
  An adder zombie (D:9)
  2 adder skeletons
  2 worms
  4 leopard geckos
  46 orcs
  A bat (D:3)
  4 giant cockroaches
  3 goblins
  4 hobgoblins
  4 quokkas
  A frilled lizard (D:4)
  A jackal skeleton (D:4)
  2 kobolds
202 creatures vanquished.

Vanquished Creatures (others)
  A quokka (D:6)
1 creature vanquished.

Grand Total: 203 creatures vanquished

Notes
Turn   | Place    | Note
-------+----------+-------------------------------------------
     0 | D:1      | Flugslaktarn the Minotaur Fighter began the quest for the
                  | Orb.
     0 | D:1      | Reached XP level 1. HP: 19/19 MP: 0/0
    39 | D:1      | Reached XP level 2. HP: 24/27 MP: 1/1
   172 | D:2      | Noticed Terence
   179 | D:2      | Killed Terence
   179 | D:2      | Reached XP level 3. HP: 33/33 MP: 2/2
   320 | D:3      | Reached XP level 4. HP: 31/41 MP: 3/3
   500 | D:4      | Reached XP level 5. HP: 18/47 MP: 4/4
   868 | D:4      | Reached skill level 5 in Fighting
   868 | D:4      | Reached skill level 5 in Shields
   967 | D:4      | Reached skill level 5 in Armour
   967 | D:4      | Reached XP level 6. HP: 50/56 MP: 5/5
  1546 | D:4      | Found Pyot's Assorted Antiques.
  1562 | D:4      | Bought a scroll labeled HIAG QAMEBUZ for 25 gold pieces
  1562 | D:4      | Bought a scroll labeled KEBARI SEEF for 25 gold pieces
  1562 | D:4      | Bought a scroll labeled VUGUR RUNOUDEU for 25 gold pieces
  1813 | D:5      | Entered Level 5 of the Dungeon
  1942 | D:5      | Found a staircase to the Ecumenical Temple.
  1963 | D:5      | Noticed Menkaure
  1969 | D:5      | Killed Menkaure
  1969 | D:5      | Reached skill level 5 in Axes
  1969 | D:5      | Reached XP level 7. HP: 29/62 MP: 6/6
  1985 | Temple   | Entered the Ecumenical Temple
  2795 | D:5      | Found a burning altar of Makhleb.
  2851 | D:5      | Noticed Sigmund
  2863 | D:5      | Killed Sigmund
  2918 | D:5      | Became a worshipper of Makhleb the Destroyer
  3156 | D:5      | Reached XP level 8. HP: 71/71 MP: 7/7
  3216 | D:5      | Noticed Edmund
  3235 | D:5      | Killed Edmund
  3235 | D:5      | Reached skill level 1 in Invocations
  3555 | D:6      | Found Ciuma's Armour Shoppe.
  3777 | D:6      | Found Zouhesu's Antique Armour Emporium.
  3825 | D:6      | Reached * piety under Makhleb
  4049 | D:6      | Found Zicarurph's Assorted Antiques.
  4053 | D:6      | Bought a scroll labeled ETACUD USTE for 23 gold pieces
  4053 | D:6      | Bought a scroll labeled SUIHYSSUFOU for 23 gold pieces
  4053 | D:6      | Bought a sedimented red potion for 20 gold pieces
  4053 | D:6      | Bought an emerald potion for 20 gold pieces
  4393 | D:6      | Found Kuderha's Distillery.
  4396 | D:6      | Found Yciomoh's Magic Scroll Boutique.
  4428 | D:6      | Found a basalt altar of Yredelemnul.
  4876 | D:7      | Noticed a hippogriff
  4885 | D:7      | Killed a hippogriff
  4885 | D:7      | Reached XP level 9. HP: 27/80 MP: 10/10
  6062 | D:6      | Found a runed translucent door.
  6063 | D:6      | Noticed Crazy Yiuf
  6323 | D:8      | Reached ** piety under Makhleb
  6661 | D:8      | Found a transporter.
  6664 | D:8      | Found a transporter.
  6664 | D:8      | Noticed an ogre mage
  7180 | D:8      | Found a blossoming altar of Fedhas.
  7181 | D:8      | Found a glowing golden altar of the Shining One.
  7453 | D:9      | Gained mutation: You are clumsy. (Dex -2) [potion of
                  | mutation]
  7453 | D:9      | Lost mutation: You are clumsy. (Dex -2) [potion of
                  | mutation]
  7453 | D:9      | Gained mutation: You have large cloven feet. [potion of
                  | mutation]
  7453 | D:9      | Gained mutation: You are surrounded by a mild repulsion
                  | field. (EV +2) [potion of mutation]
  7462 | D:9      | Found a snail-covered altar of Cheibriados.
  7789 | D:9      | Reached XP level 10. HP: 74/90 MP: 12/12
  7811 | D:9      | Reached skill level 5 in Invocations
  7883 | D:9      | Noticed a death yak
  8271 | D:9      | Killed a death yak
  8453 | D:9      | Found a staircase to the Lair.
  9249 | D:10     | Entered Level 10 of the Dungeon
  9249 | D:10     | Found Vokhla Tirasa's Distillery.
  9267 | D:10     | Reached *** piety under Makhleb
  9273 | D:10     | Reached skill level 10 in Shields
  9470 | D:10     | Bought a potion of heal wounds for 80 gold pieces
  9515 | D:10     | Reached skill level 10 in Fighting
  9540 | D:10     | Reached skill level 10 in Armour
  9726 | D:10     | Found a runed translucent door.
  9759 | D:10     | Noticed an orc knight
  9759 | D:10     | Noticed a shock serpent
  9763 | D:10     | Noticed a rakshasa
  9764 | D:10     | Found a runed translucent door.
  9764 | D:10     | Noticed a deep troll
  9769 | D:10     | Found a runed translucent door.
  9770 | D:10     | Noticed a glowing shapeshifter
  9770 | D:10     | Noticed a glowing orange brain
  9770 | D:10     | a glowing shapeshifter changed into a glowing orange brain
  9774 | D:10     | a glowing orange brain changed into a snapping turtle
  9776 | D:10     | Noticed a death drake
  9776 | D:10     | a snapping turtle changed into a death drake
  9777 | D:10     | Noticed a moth of wrath
  9777 | D:10     | a death drake changed into a moth of wrath
  9781 | D:10     | Noticed a shock serpent
  9781 | D:10     | a moth of wrath changed into a shock serpent
  9782 | D:10     | Reached XP level 11. HP: 99/99 MP: 14/14
  9784 | D:10     | Noticed a swamp dragon
  9784 | D:10     | a shock serpent changed into a swamp dragon
  9785 | D:10     | a swamp dragon changed into a jumping spider
  9789 | D:10     | Noticed a mana viper
  9789 | D:10     | a jumping spider changed into a mana viper
  9790 | D:10     | Noticed a glowing orange brain
  9790 | D:10     | a mana viper changed into a glowing orange brain
  9793 | D:10     | Identified the amulet "Naitu" {RegenMP Int+3}
  9795 | D:10     | Noticed an anaconda
  9795 | D:10     | a glowing orange brain changed into an anaconda
  9800 | D:10     | an anaconda changed into a faun
  9801 | D:10     | Noticed a shining eye
  9801 | D:10     | a faun changed into a shining eye
  9802 | D:10     | Noticed a wolf spider
  9802 | D:10     | a shining eye changed into a wolf spider
  9804 | D:10     | Slain by a meliai

Levels and vault maps discovered:
D:1:      saegor_arrival_simple_b, layout_basic, okawaru_ov_weapons_minmay
D:2:      layout_loops_ring, nicolae_overflow_hidden_temple, led_sif_pool,
          first_ration, minivault_25, minmay_misc_feat_chi, uniq_terence
D:3:      layout_basic
D:4:      layout_loops_corners, serial_shops, shop
D:5:      layout_loops_corners, kennysheep_little_box, minmay_temple_entry_hall,
          uniq_sigmund, uniq_edmund, uniq_menkaure
D:6:      layout_basic, kennysheep_mini, serial_shops, nicolae_shop_crystal,
          shop_fountains, nicolae_shop_behind_doors, shop,
          nicolae_shop_overgrown_old_shop, serial_bayou_lake_a,
          uniq_crazy_yiuf_cottage
D:7:      layout_loops_ring
D:8:      layout_basic, gammafunk_temple_overflow_arena
D:9:      layout_loops_ring, cheibrodos_worm_habitat, david_lair_generic
D:10:     minmay_the_grid_triangle_9x9_rhombus_thin_mashed
          [minmay_the_grid_triangle_9x9_pentomino_pain,
          minmay_the_grid_triangle_9x9_prize_special,
          minmay_the_grid_triangle_9x9_descending_squares,
          minmay_the_grid_triangle_9x9_fully_insulated_deathbox], layout_rooms,
          serial_shops, shop, minmay_misc_feat_room, blue_anna_alchemist
          [blue_anna_fruit_fields, blue_anna_fruit_fields]
Temple:   regret_index_temple_generic_petals

Skill      XL: |  1  2  3  4  5  6  7  8  9 10 |
---------------+-------------------------------+-----
Fighting       | 4 5 6 7 8 10 | 10.1
Axes           | 3 4 5 6 7 8 9 |  9.8
Armour         | 4 5 6 7 8 10 | 10.1
Shields        | 4 5 6 7 8 10 | 10.2
Invocations    | 3 4 6 |  6.5

Action                   |  1- 3 |  4- 6 |  7- 9 | 10-12 || total
-------------------------+-------+-------+-------+-------++-------
Melee: War axe           |    36 |   103 |   386 |   192 ||   717
       Headbutt          |     7 |    15 |    69 |    43 ||   134
  Use: Scroll            |       |     5 |     6 |       ||    11
       Potion            |       |       |     4 |     2 ||     6
  Eat: Chunk             |       |     2 |    13 |    10 ||    25
       Ration            |       |     1 |     1 |       ||     2
Armor: Scale mail        |    11 |       |       |       ||    11
       Chain mail        |    10 |    46 |    10 |       ||    66
       Plate armour      |       |       |   114 |       ||   114
       Storm dragon scal |       |       |    68 |   126 ||   194
Dodge: Dodged            |     6 |    23 |    79 |    70 ||   178
Block: Kite shield       |    12 |    36 |   222 |    43 ||   313
       Tower shield      |       |       |       |   144 ||   144

Table legend:
 A = Non-vault XP
 B = Vault XP
 C = Vault XP percentage of total XP
 D = Non-vault monster count
 E = Vault monster count
 F = Vault count percentage of total count
                 A         B        C        D         E       F
            +---------+---------+-------+---------+---------+-------
      Total |    8689 |    3083 |  26.2 |     185 |      17 |   8.4
            +---------+---------+-------+---------+---------+-------
        D:1 |      17 |       0 |   0.0 |       6 |       0 |   0.0
        D:2 |       4 |      36 |  90.0 |       2 |       1 |  33.3
        D:3 |      64 |       0 |   0.0 |       8 |       0 |   0.0
        D:4 |     539 |       0 |   0.0 |      26 |       0 |   0.0
        D:5 |     431 |     545 |  55.8 |      16 |       3 |  15.8
        D:6 |    1476 |       0 |   0.0 |      32 |       0 |   0.0
        D:7 |    1425 |       0 |   0.0 |      21 |       0 |   0.0
        D:8 |     892 |       5 |   0.6 |      25 |       1 |   3.8
        D:9 |    1383 |    1438 |  51.0 |      28 |       5 |  15.2
       D:10 |    2458 |    1059 |  30.1 |      21 |       7 |  25.0
            +---------+---------+-------+---------+---------+-------
